 Dungeon Crawl Stone Soup version 0.30-b1-2-g02819fbbbe (webtiles) character file.

Game seed: 2202068062808872715

1332954 diocancan the Slayer (level 26, 200/200 HPs)
             Began as a Demigod Air Elementalist on Aug 28, 2023.
             Escaped with the Orb
             ... and 3 runes on Aug 29, 2023!
             The game lasted 07:49:16 (134482 turns).

diocancan the Slayer (Demigod Air Elementalist)   Turns: 134482, Time: 07:49:16

Health: 200/200    AC: 39    Str: 19    XL:     26   Next: 50%
Magic:  39/46      EV: 11    Int: 41    God:
Gold:   4053       SH: 15    Dex: 12    Spells: 5/51 levels left

rFire   + + .        O - staff of air
rCold   . . .        N - +3 kite shield {reflect}
rNeg    . . .        Z - +11 storm dragon scales "Jyce" {rElec Str+2 Slay+3}
rPois   .            l - +2 helmet {SInv}
rElec   +            t - scarf {rC+ rF+}
rCorr   .            Y - +2 pair of gloves
SInv    +            d - +2 pair of boots
Will    ++...        M - amulet of Vitality {RegenMP++ Regen++} Stlth
                     u - +6 ring of intelligence
HPRegen 2.93/turn    j - ring "Ekub" {rF+ Dex+2 Slay+4}
MPRegen 1.10/turn

%: reflection
@: very slightly contaminated
A: high MP 1, forlorn, divine attributes, iridescent scales 1, clumsy 2,
deterioration 1, dopey 1, frail 2, regeneration 1, weak 2, wild magic 1, cold
vulnerability 1, inability to drink after injury 1
0: Orb of Zot
}: 3/15 runes: serpentine, barnacled, silver
a: no special abilities


You escaped.
You visited 10 branches of the dungeon, and saw 50 of its levels.
You visited the Abyss 10 times.
You also visited: Bailey.

You collected 9092 gold pieces.
You spent 5039 gold pieces at shops.

Inventory:

Hand Weapons
 n - the +8 mace "Kisuocogg" {drain, rC- rCorr Str+3 Int+5}
   (You bought it in a shop on level 2 of the Orcish Mines)

   Str:       It affects your strength (+3).
   Int:       It affects your intelligence (+5).
   rC:        It makes you vulnerable to cold.
   rCorr:     It protects you from acid and corrosion.
 E - a +9 eudemon blade of holy wrath
Armour
 d - a +2 pair of boots (worn)
 l - a +2 helmet of see invisible (worn)
 t - a scarf of resistance (worn)
 D - a +2 helmet of intelligence
 F - the +5 faerie dragon scales {+Blink Regen+ rCorr Str+4}
   (You took it off the Enchantress on level 3 of the Depths)

   Str:       It affects your strength (+4).
   +Blink:    It lets you blink.
   Regen:     It increases your rate of health regeneration.
   rCorr:     It protects you from acid and corrosion.
 N - a +3 kite shield of reflection (worn)
 P - a +2 cloak of preservation
 R - a +2 hat
 Y - a +2 pair of gloves (worn)
 Z - the +11 storm dragon scales "Jyce" (worn) {rElec Str+2 Slay+3}
   (You bought it in a shop on level 3 of the Dungeon)

   Str:       It affects your strength (+2).
   Slay:      It affects your accuracy & damage with ranged weapons and melee
   (+3).
   rElec:     It insulates you from electricity.
Magical Staves
 v - the staff of cold "Uto Omm" {rC+ Int+4}
   (You found it on level 3 of the Elven Halls)

   [staff of cold]

   Base accuracy: +5 Base damage: 5 Base attack delay: 1.2 This weapon's minimum
   attack delay (0.6) is reached at skill level 12.
   Int:       It affects your intelligence (+4).
   rC:        It protects you from cold.
   It falls into the 'Staves' category.
   It is a one-handed weapon.
 O - a staff of air (weapon)
Jewellery
 e - a ring of positive energy
 j - the ring "Ekub" (right hand) {rF+ Dex+2 Slay+4}
   (You took it off an ironbound convoker on level 5 of the Vaults)

   [ring of protection from fire]

   Dex:       It affects your dexterity (+2).
   Slay:      It affects your accuracy & damage with ranged weapons and melee
   (+4).
   rF:        It protects you from fire.
 k - an amulet of guardian spirit
 o - a ring of protection from cold
 u - a +6 ring of intelligence (left hand)
 y - a +6 ring of intelligence
 M - the amulet of Vitality (around neck) {RegenMP++ Regen++}
   (You bought it in a shop on level 2 of the Orcish Mines)

   [amulet of magic regeneration]

   It increases your rate of magic regeneration.
   Regen:     It increases your rate of health regeneration.
 V - the ring of Tungal {rPois rN+ Will+++ EV+5 Stlth-}
   (You took it off a deep elf death mage on level 3 of the Elven Halls)

   [ring of evasion]

   EV:        It affects your evasion (+5).
   rPois:     It protects you from poison.
   rN:        It protects you from negative energy.
   Will:      It greatly increases your willpower.
   Stlth:     It makes you less stealthy.
 X - a ring of protection from cold
Wands
 i - a wand of iceblast (29)
 B - a wand of mindburst (4)
 C - a wand of digging (3)
 L - a wand of paralysis (42)
Scrolls
 a - a scroll of enchant weapon
 c - 9 scrolls of teleportation
 h - 4 scrolls of amnesia
 p - 4 scrolls of blinking
 H - 6 scrolls of poison
 I - a scroll of silence
 K - a scroll of magic mapping
 U - 6 scrolls of fear
Potions
 b - 4 potions of haste
 g - 7 potions of brilliance
 m - 2 potions of invisibility
 q - 6 potions of lignification
 s - 12 potions of flight
 x - 5 potions of cancellation
 z - a potion of might
 A - 2 potions of resistance
 G - 6 potions of heal wounds
 T - 19 potions of curing
 W - 7 potions of ambrosia
Miscellaneous
 f - a box of beasts
 w - a phantom mirror
 Q - a condenser vane
 S - a phial of floods


   Skills:
 + Level 23.4 Fighting
 * Level 11.3 Long Blades
 - Level 12.3 Armour
 - Level 13.2 Dodging
 - Level 1.7 Stealth
 - Level 13.1 Shields
 - Level 13.0 Spellcasting
 - Level 18.0 Conjurations
 - Level 6.0 Translocations
 - Level 10.0 Transmutations
 - Level 14.3 Fire Magic
 + Level 20.1 Air Magic
 - Level 6.2 Evocations


You had 5 spell levels left.
You knew the following spells:

 Your Spells              Type           Power      Damage    Failure   Level
a - Airstrike             Air            77%        2d(11-27) 1%          4
b - Arcjolt               Conj/Air       75%        1d85      1%          5
c - Swiftness             Air            100%       N/A       1%          3
d - Iskenderun's Mystic   Conj/Tloc      100%       2d19      2%          4
e - Blink                 Tloc           100%       N/A       3%          2
f - Fireball              Conj/Fire      59%        3d23      1%          5
g - Irradiate             Conj/Tmut      55%        3d30      2%          5
h - Plasma Beam           Fire/Air       72%        2x1d98    3%          6
i - Orb of Destruction    Conj           61%        9d15      12%         7
j - Freezing Cloud        Conj/Ice/Air   65%        6-21      4%          5

Your spell library contained the following spells:

 Spells                   Type           Power      Damage    Failure   Level
 Beastly Appendage        Tmut           100%       N/A       1%          1
 Foxfire                  Conj/Fire      100%       2x1d9     1%          1
 Magic Dart               Conj           100%       1d8       1%          1
 Shock                    Conj/Air       100%       1d9       1%          1
 Momentum Strike          Conj/Tloc      100%       3d10      1%          2
 Poisonous Vapours        Pois/Air       100%       N/A       1%          2
 Static Discharge         Conj/Air       100%       2-7/arc   1%          2
 Mephitic Cloud           Conj/Pois/Air  100%       N/A       1%          3
 Vhi's Electric Charge    Tloc/Air       100%       N/A       1%          3
 Volatile Blastmotes      Fire/Tloc      100%       2d18      1%          3
 Apportation              Tloc           100%       N/A       2%          1
 Dazzling Flash           Conj/Hex       100%       N/A       2%          3
 Hailstorm                Conj/Ice       92%        3d18      2%          3
 Sting                    Tmut/Pois      100%       1d8       3%          1
 Lesser Beckoning         Tloc           100%       N/A       3%          2
 Gell's Gravitas          Tloc           78%        N/A       6%          3
 Fulminant Prism          Conj/Hex       46%        3d21      6%          4
 Spider Form              Tmut/Pois      73%        N/A       9%          3
 Blade Hands              Tmut           48%        N/A       10%         5
 Silence                  Hex/Air        59%        N/A       10%         5
 Portal Projectile        Hex/Tloc       100%       N/A       17%         3
 Manifold Assault         Tloc           78%        N/A       17%         4
 Freeze                   Ice            100%       1d10      21%         1
 Necrotise                Necr           100%       1d9       21%         1
 Summon Small Mammal      Summ           100%       N/A       21%         1
 Ice Form                 Ice/Tmut       73%        N/A       26%         4
 Petrify                  Tmut/Erth      73%        N/A       26%         4
 Call Imp                 Summ           68%        N/A       30%         2
 Ensorcelled Hibernation  Hex/Ice        68%        N/A       30%         2
 Sublimation of Blood     Necr           34%        N/A       30%         2
 Call Canine Familiar     Summ           34%        N/A       47%         3
 Frozen Ramparts          Ice            68%        1d11      47%         3
 Summon Guardian Golem    Hex/Summ       34%        N/A       47%         3
 Tukima's Dance           Hex            34%        N/A       47%         3
 Vampiric Draining        Necr           34%        2d8       47%         3
 Summon Forest            Summ/Tloc      30%        N/A       82%         5
 Anguish                  Hex/Necr       17%        N/A       86%         4
 Animate Armour           Summ/Erth      68%        N/A       86%         4
 Dispel Undead            Necr           34%        3d15      86%         4
 Olgreb's Toxic Radiance  Pois           34%        N/A       86%         4
 Agony                    Necr           34%        N/A       99%         5
 Lee's Rapid Deconstruct  Erth           17%        3d10*     99%         5
 Starburst                Conj/Fire      59%        6d16      4%          6
 Maxwell's Capacitive Co  Air            77%        ∞         32%         8
 Dispersal                Tloc           39%        N/A       92%         6
 Eringya's Noxious Bog    Tmut/Pois      36%        N/A       97%         6
 Spellforged Servitor     Conj/Summ      46%        N/A       98%         7
 Simulacrum               Ice/Necr       17%        N/A       100%        6
 Summon Cactus Giant      Summ           17%        N/A       100%        6
 Malign Gateway           Summ/Tloc      30%        N/A       100%        7
 Borgnjor's Revivificati  Necr           17%        N/A       100%        8
 Disjunction              Tloc           39%        N/A       100%        8
 Necromutation            Tmut/Necr      36%        N/A       100%        8
 Summon Horrible Things   Summ           17%        N/A       100%        8
 Death's Door             Necr           17%        N/A       100%        9
 Dragon's Call            Summ           17%        N/A       100%        9


Dungeon Overview and Level Annotations

Branches:
Dungeon (15/15)            Temple (0/1) D:7            Lair (5/5) D:8
 Shoals (4/4) Lair:3        Snake (4/4) Lair:2        Slime (3/5) Lair:4
    Orc (2/2) D:12            Elf (3/3) Orc:2        Vaults (5/5) D:13
  Crypt (0/3) Vaults:3     Depths (4/4) D:15            Zot (5/5) Depths:4
 Bailey (visited)

Shops:
D:3 ![(   D:12 *(   Orc:1 (   Orc:2 (=![*   Elf:2 *   Shoals:1 :*?[
Vaults:1 (   Depths:1 :

Portals:
Hell: Depths:1 Depths:2 Depths:3 Depths:4
Abyss: Lair:5 Depths:1 Depths:3
Pandemonium: Depths:1 Depths:2 Depths:3 Depths:4
Ziggurat: Depths:2


Innate Abilities, Weirdness & Mutations

You have an increased reservoir of magic. (+10% MP)
You shall have no god before yourself.
Your divine heritage dramatically boosts your attributes as you level up.
You are partially covered in iridescent scales. (AC +2)
You are very clumsy. (Dex -4)
Your body sometimes deteriorates upon taking damage.
You are dopey. (Int -2)
You are very frail. (-20% HP)
Your natural rate of healing is unusually fast.
You are very weak. (Str -4)
Your spells are a little harder to cast, but a little more powerful.
You are vulnerable to cold. (rC-)
You occasionally lose the ability to drink potions when taking damage.


Message History

Where to? (Enter - D:1 @ (x,y), ? - help)
What level of the Dungeon? (default 1, ? - help) HP restored.
There is a stone staircase leading up here.
You climb upwards.
There is a stone staircase leading down here.
There is a stone staircase leading up here.
You climb upwards.
There is a stone staircase leading down here.
There is a stone staircase leading up here.
You climb upwards.
There is a stone staircase leading down here.
There is an open door here.
A blizzard demon comes into view.
Casting: Plasma Beam (mildly dangerous; 3% risk of failure)
Confirm with . or Enter, or press ? or * to list all spells.
Casting: Plasma Beam (mildly dangerous; 3% risk of failure)
Press: ? - help, Dir - look around, f - activate You feel a surge of power!
You miscast Plasma Beam.
You are very lightly contaminated with residual magic.
Nothing appears to happen.
Unknown command.
Casting: Plasma Beam (mildly dangerous; 3% risk of failure)
Confirm with . or Enter, or press ? or * to list all spells.
Casting: Plasma Beam (mildly dangerous; 3% risk of failure)
Press: ? - help, Dir - look around, f - activate You feel a surge of power!
The bolt of lightning hits the blizzard demon.
The blizzard demon completely resists.
The fiery plasma hits the blizzard demon!!!
The blizzard demon is burned terribly!
You kill the blizzard demon!
(D) Dungeon (T) Temple (L) Lair (A) Shoals (P) Snake Pit (M) Slime Pits (O) Orcish Mines (E) Elven Halls (V) Vaults (C) Crypt (U) Depths (H) Hell (Z) Zot
Where to? (Enter - D:1 @ (x,y), ? - help)
What level of the Dungeon? (default 1, ? - help)
There is a staircase leading out of the dungeon here.
You have escaped!

####### #...# #.# #######.....#
###...### #.## .....##.....#
#.......# #..#
.....##.....####.......####..#
.....##.....#.............#..#
.....##.....+......⌠......#..#
............#.............#..####
#..##_......####.......####.....#
##.##...##### #@......# #.###.#
#......# ###...### #...#.#
###....#### #...# #...#.#
##......# #...# #...#.#
######.########'#######..##.#
#............>.......#.#
###########.###.....##.#
#.#..........# #.#....#......


There were no monsters in sight!

Vanquished Creatures
  3 dread liches
  9 ancient liches
  4 orbs of fire (Zot:5)
  Parghit (Depths:3)
  5 Killer Klowns
  Vashnia (Snake:2)
  3 shard shrikes (Depths:2)
  4 curse toes
  Xtahua (Vaults:5)
  Nikola (Vaults:1)
  9 golden dragons
  the Enchantress (Depths:3)
  A profane servitor (Depths:4)
  4 bone dragons
  2 electric golems (Zot:5)
  10 tentacled monstrosities
  A Brimstone Fiend (Depths:4)
  3 liches
  25 Orb Guardians
  Asterion (Depths:2)
  12 quicksilver dragons
  4 titans
  2 deep elf blademasters
  An acid blob (Slime:2)
  8 death cobs
  A deep elf master archer (Elf:3)
  15 tentacled starspawn
  An Executioner (Abyss:2)
  2 sphinxes (Depths:2)
  Agnes (Elf:2)
  A sphinx (shapeshifter) (Depths:4)
  2 krakens
  The ghost of Barug the Brawler, an adept TrMo of Nemelex Xobeh (Depths:4)
  5 tengu reavers
  The ghost of case the Executioner, an adept MiBe of Trog (Shoals:1)
  11 storm dragons
  8 shadow dragons
  9 nagarajas
  4 draconian knights (Zot:4)
  8 draconian monks
  A rockslime (Slime:2)
  An emperor scorpion (Abyss:4)
  6 fire giants
  2 daevas
  12 frost giants
  24 vault wardens
  An iron dragon (Depths:4)
  12 deep elf sorcerers
  2 balrugs
  3 ghost moths
  Louise (Depths:1)
  An orc warlord (Vaults:1)
  2 juggernaut zombies (Depths:3)
  3 draconian stormcallers
  7 draconian shifters
  3 spriggan defenders (Depths:3)
  3 deep elf elementalists
  6 draconian annihilators
  5 draconian scorchers
  2 cacodemons (Abyss:3)
  A quicksilver ooze (Lair:4)
  An angel (Depths:4)
  11 ironbound preservers
  4 war gargoyles
  10 stone giants
  2 demonspawn corrupters (D:6)
  An ophan (Abyss:2)
  27 very ugly things
  3 reapers
  3 ironbound thunderhulks
  Azrael (D:13)
  A lorocyproca (Depths:4)
  8 green draconians
  7 deep elf annihilators (Elf:3)
  5 deep elf demonologists
  6 black draconians
  The ghost of Ribudoz the Blocker, a journeyman GnFi of Okawaru (Lair:5)
  5 vampire knights
  20 yellow draconians
  13 white draconians
  23 purple draconians
  18 red draconians
  16 dire elephants
  A spark wasp (Depths:3)
  3 blizzard demons
  2 green deaths
  8 fire dragons
  A crystal guardian (Vaults:4)
  6 jiangshi
  5 deep elf death magi
  5 merfolk javelineers
  8 deep elf high priests
  8 ettins
  3 great orbs of eyes
  Josephine (Lair:4)
  15 yaktaur captains
  8 merfolk impalers
  6 hydras
  3 rakshasas
  Harold (D:11)
  Erica (Orc:1)
  6 ice dragons
  32 vault guards
  A ghost crab (Abyss:4)
  2 merfolk avatars
  2 peacekeepers
  2 alligator snapping turtles
  2 ogre magi (Orc:2)
  7 boulder beetles
  A catoblepas (Lair:2)
  A death knight (Abyss:1)
  13 ironbound frosthearts
  9 anacondas
  5 centaur warriors
  2 salamander tyrants
  6 merfolk aquamancers
  4 spriggan air magi
  A satyr (Shoals:4)
  12 two-headed ogres
  The ghost of diceflayer the Cleaver, a novice DsHu of Okawaru (D:10)
  28 dancing weapons
  3 tengu warriors
  4 deep troll earth magi
  7 spriggan berserkers
  11 hell hogs
  5 deep troll shamans
  13 naga warriors
  2 death scarabs (Abyss:4)
  Urug (Lair:3)
  5 vampire magi
  22 naga sharpshooters
  11 shock serpents
  14 thrashing horrors
  Sonja (Orc:1)
  4 hell knights
  10 sun demons
  Nergalle (Orc:1)
  18 deep elf knights
  2 soul eaters
  5 sixfirhies
  18 wretched stars
  A fire crab (Abyss:4)
  5 skysharks
  4 shadow wraiths
  9 iron trolls
  4 spatial maelstroms
  4 salamander mystics
  8 glowing orange brains
  20 sea snakes
  45 deep trolls
  6 deep elf archers
  3 obsidian statues
  A swamp dragon (shapeshifter) (Lair:5)
  5 flayed ghosts
  4 naga ritualists
  Pikel (D:5)
  2 shadow demons
  3 wizards
  11 harpies
  5 phantasmal warriors
  18 ironbound convokers
  25 deep elf zephyrmancers
  34 large abominations
  A human zombie (Vaults:3)
  5 orc knights
  27 deep elf pyromancers
  10 mana vipers
  8 lindwurms
  6 necromancers
  2 orc sorcerers (Orc:2)
  53 ugly things
  A shining eye (Slime:2)
  6 cyclopes
  2 fire giant zombies
  A wolf spider (shapeshifter) (Vaults:5)
  A shadow dragon skeleton (Vaults:3)
  A frost giant zombie (Depths:2)
  A human skeleton (Abyss:1)
  14 elephants
  11 manticores
  24 moths of wrath
  4 merfolk sirens
  6 worldbinders
  Maurice (Orc:1)
  3 apocalypse crabs
  9 salamanders
  4 rust devils
  43 black mambas
  A frost giant skeleton (Depths:3)
  9 guardian serpents
  3 demonic crawlers (Abyss:4)
  14 vault sentinels
  2 sphinx skeletons
  Joseph (D:7)
  3 titan simulacra
  A torpor snail (Lair:5)
  A centaur zombie (Abyss:3)
  12 cane toads
  12 naga magi
  6 orange demons
  6 water nymphs
  A yaktaur zombie (Vaults:3)
  3 cane toads (shapeshifter)
  A rime drake (shapeshifter) (Abyss:4)
  6 rime drakes
  2 unseen horrors
  11 smoke demons
  4 komodo dragons
  34 yaktaurs
  A tormentor (Abyss:4)
  2 efreet
  2 hellions
  5 ice devils
  4 freezing wraiths
  An elf skeleton (Vaults:2)
  A red devil (Depths:3)
  2 kobold demonologists
  11 ancient zymes
  19 trolls
  10 hellwings
  A silent spectre (Abyss:5)
  34 merfolk
  3 meliai (D:14)
  A meliai (shapeshifter) (Vaults:1)
  8 hornets
  6 wind drakes
  A sphinx simulacrum (Depths:2)
  4 polar bears
  A polar bear (shapeshifter) (D:15)
  Grinder (D:4)
  8 snapping turtles
  14 dream sheep
  29 raiju
  19 blink frogs
  An air elemental (Elf:3)
  46 slime creatures
  A jumping spider (shapeshifter) (Abyss:2)
  13 water elementals
  A flying skull (Abyss:2)
  3 shadows
  13 ynoxinuls
  8 spriggans
  9 wraiths
  A dire elephant simulacrum (Abyss:5)
  6 wyverns
  A wyvern (shapeshifter) (Vaults:4)
  5 vampires
  3 fire elementals
  9 fire bats
  Eustachio (D:3)
  4 basilisks
  39 starcursed masses
  62 yaks
  10 golden eyes
  7 chaos spawn
  17 vampire mosquitoes
  15 neqoxecs
  2 steam dragons
  Menkaure (D:4)
  3 wargs
  3 spatial vortices (Abyss:3)
  A glowing shapeshifter zombie (Vaults:2)
  A hydra simulacrum (Abyss:4)
  2 acid dragons
  56 nagas
  22 water moccasins
  4 hell hounds
  3 sky beasts
  24 orc warriors
  An ice beast (D:6)
  A black bear (shapeshifter) (Abyss:2)
  2 black bears
  A spriggan simulacrum (Depths:2)
  A tengu (D:6)
  23 ogres
  3 wolves (D:8)
  15 centaurs
  7 kobold brigands
  37 small abominations
  12 bullfrogs
  A gnoll sergeant (D:12)
  17 scorpions
  Blork the orc (D:6)
  4 earth elementals
  2 glowing shapeshifter simulacra (Depths:2)
  8 wights
  A hornet simulacrum (D:15)
  12 killer bees
  A vampire bat (Orc:2)
  An electric eel (D:8)
  3 howler monkeys (D:9)
  A crimson imp (Abyss:3)
  2 quasits
  A gnoll bouda (D:8)
  5 hounds
  Crazy Yiuf (D:7)
  7 orc priests
  3 sleepcaps
  4 iguanas
  21 orc wizards
  9 hell rats
  Robin (D:1)
  10 gnolls
  6 adders
  10 river rats (Lair:5)
  2 shadow imps
  3 white imps
  6 ufetubi
  A worm (D:5)
  A dart slug (D:1)
  87 orcs
  2 spectral bats (Abyss:4)
  25 bats
  7 endoplasms
  3 giant cockroaches
  16 goblins
  6 hobgoblins
  4 jackals (D:3)
  4 quokkas
  7 ball pythons
  4 bat simulacra (Abyss:4)
  2 frilled lizards
  28 kobolds
  6 rats
  3 lurking horrors
  20 starspawn tentacles
  6 tentacles
2507 creatures vanquished.

Vanquished Creatures (others)
  A blizzard demon (Abyss:3)
  A shadow wraith (Abyss:5)
  2 deep elf zephyrmancers
  2 manticores
  A hell hound (Abyss:3)
  A scorpion (Abyss:4)
  A spectral bat (Abyss:4)
  5 demonic plants
  65 fungi
  141 plants
  29 starspawn tentacles
  18 tentacles
267 creatures vanquished.

Grand Total: 2774 creatures vanquished

Notes
Turn   | Place    | Note
-------+----------+-------------------------------------------
     0 | D:1      | diocancan the Demigod Air Elementalist began the quest for
                  | the Orb.
     0 | D:1      | Reached XP level 1. HP: 14/14 MP: 5/5
    28 | D:1      | Reached skill level 1 in Conjurations
   354 | D:1      | Reached XP level 2. HP: 22/22 MP: 4/7
   357 | D:1      | Learned a level 2 spell: Static Discharge
   979 | D:2      | Reached XP level 3. HP: 27/27 MP: 3/8
  1056 | D:2      | Reached skill level 1 in Fighting
  1110 | D:2      | Noticed Robin
  1224 | D:1      | Killed Robin
  2193 | D:3      | Reached XP level 4. HP: 35/35 MP: 4/9
  2765 | D:3      | Found Qisis's Weapon Shoppe.
  2842 | D:3      | Found Orinis's Armour Shop.
  3058 | D:3      | Found Duimn's Distillery.
  3063 | D:3      | Bought a potion of degeneration for 12 gold pieces
  3063 | D:3      | Bought a potion of curing for 36 gold pieces
  3063 | D:3      | Bought a potion of curing for 36 gold pieces
  3151 | D:4      | Noticed Eustachio
  3151 | D:4      | Noticed a black bear
  3646 | D:3      | Killed Eustachio
  3647 | D:3      | Reached skill level 2 in Fighting
  3647 | D:3      | Reached XP level 5. HP: 29/41 MP: 0/10
  4165 | D:4      | Killed a black bear
  4166 | D:4      | Reached XP level 6. HP: 48/48 MP: 4/11
  4170 | D:4      | Learned a level 3 spell: Swiftness
  4251 | D:4      | Noticed Grinder
  4484 | D:4      | Paralysed by Grinder for 4 turns
  4491 | D:4      | Killed Grinder
  4492 | D:4      | Reached skill level 3 in Fighting
  4492 | D:4      | Reached skill level 5 in Air Magic
  4839 | D:4      | Noticed Menkaure
  5451 | D:4      | Identified the +0 long sword of Prudence {holy, rPois rN+
                  | Dex-4 Stlth+}
  5546 | D:4      | Killed Menkaure
  5547 | D:4      | Reached skill level 4 in Fighting
  5547 | D:4      | Reached XP level 7. HP: 58/59 MP: 6/12
  5934 | D:5      | Entered Level 5 of the Dungeon
  6851 | D:6      | Noticed Blork the orc
  6858 | D:6      | Killed Blork the orc
  6859 | D:6      | Reached skill level 5 in Fighting
  7347 | D:6      | Noticed Pikel
  7361 | D:5      | Killed Pikel
  7362 | D:5      | Reached skill level 6 in Fighting
  7362 | D:5      | Reached XP level 8. HP: 65/71 MP: 1/13
  7651 | D:6      | Reached skill level 7 in Fighting
  8721 | D:7      | Learned a level 4 spell: Airstrike
  8903 | D:7      | Found a staircase to the Ecumenical Temple.
  9251 | D:7      | Noticed Joseph
  9718 | D:7      | Killed Joseph
  9719 | D:7      | Reached XP level 9. HP: 67/81 MP: 9/19
  9982 | D:7      | Identified the amulet of Conformity {Faith Dex+4}
 10341 | D:7      | Found a runed translucent door.
 10342 | D:7      | Noticed Crazy Yiuf
 10400 | D:8      | Reached skill level 8 in Fighting
 10400 | D:8      | Reached skill level 5 in Spellcasting
 10680 | D:8      | Found a flagged portal.
 10693 | Bailey   | Entered a bailey
 13540 | Bailey   | Reached XP level 10. HP: 90/90 MP: 21/21
 13544 | Bailey   | Learned a level 2 spell: Blink
 13752 | D:8      | Reached skill level 9 in Fighting
 13902 | D:8      | Reached XP level 11. HP: 97/97 MP: 12/22
 13962 | D:8      | Identified the +2 robe of the Iron City of Dis {rF+ Will+
                  | Str+4}
 14046 | D:8      | Found a staircase to the Lair.
 14046 | D:8      | Identified the +2 pair of boots of the Slorg {Str-4 Int+7}
 14532 | D:8      | Reached skill level 10 in Air Magic
 17679 | Lair:1   | Entered Level 1 of the Lair of Beasts
 17899 | Lair:1   | Reached skill level 10 in Fighting
 17907 | Lair:1   | Reached skill level 5 in Conjurations
 17908 | Lair:1   | Gained mutation: You sometimes lose your temper in combat.
                  | [potion of mutation]
 17908 | Lair:1   | Gained mutation: You have sharp fingernails. [potion of
                  | mutation]
 19610 | Lair:1   | Reached skill level 5 in Dodging
 19975 | Lair:2   | Reached XP level 12. HP: 106/107 MP: 0/23
 20418 | Lair:2   | Found a staircase to the Snake Pit.
 20554 | Lair:2   | Noticed a catoblepas
 20558 | Lair:2   | Killed a catoblepas
 23004 | Lair:3   | Reached skill level 11 in Fighting
 23677 | Lair:3   | Noticed Urug
 24096 | Lair:3   | Found a staircase to the Shoals.
 24280 | Lair:3   | Killed Urug
 25207 | Lair:4   | Noticed Josephine
 25212 | Lair:4   | Killed Josephine
 26287 | Lair:4   | Found a staircase to the Slime Pits.
 26549 | Lair:4   | Got the Guidebook on the Compass
 26612 | Lair:4   | Reached XP level 13. HP: 116/116 MP: 19/28
 26713 | Lair:4   | Learned a level 3 spell: Gell's Gravitas
 27000 | Lair:5   | Entered Level 5 of the Lair of Beasts
 29186 | Lair:5   | Reached skill level 10 in Dodging
 29969 | Lair:5   | Reached skill level 12 in Fighting
 31016 | Lair:5   | Found a runed translucent door.
 31023 | Lair:5   | Noticed Ribudoz's ghost (journeyman GnFi)
 34158 | Lair:5   | Found a one-way gate to the infinite horrors of the Abyss.
 34518 | D:10     | Entered Level 10 of the Dungeon
 34741 | D:10     | Found a runed translucent door.
 34741 | D:10     | Noticed diceflayer's ghost (novice DsHu)
 35778 | D:10     | Reached XP level 14. HP: 127/127 MP: 19/32
 36694 | D:11     | Learned a level 4 spell: Iskenderun's Mystic Blast
 36775 | D:11     | Noticed Harold
 36822 | D:11     | Killed Harold
 37754 | D:12     | Found a staircase to the Orcish Mines.
 37936 | D:12     | Found Meschaxo's Antique Weapon Emporium.
 38353 | D:12     | Found Kegaph's Assorted Antiques.
 38515 | D:12     | Bought a scroll of teleportation for 60 gold pieces
 38515 | D:12     | Bought a scroll of teleportation for 60 gold pieces
 39803 | D:13     | Reached skill level 13 in Fighting
 40255 | D:13     | Found a gate to the Vaults.
 40758 | D:13     | Learned a level 5 spell: Irradiate
 40812 | Orc:1    | Entered Level 1 of the Orcish Mines
 41059 | Orc:1    | Noticed Maurice
 41296 | Orc:1    | Killed Maurice
 41412 | Orc:2    | Entered Level 2 of the Orcish Mines
 41719 | D:3      | Bought the +11 storm dragon scales "Jyce" {rElec Str+2
                  | Slay+3} for 1508 gold pieces
 42041 | Orc:2    | Reached skill level 1 in Transmutations
 42244 | Orc:1    | Found Jeaz's Weapon Shop.
 42245 | Orc:1    | Noticed Sonja
 42260 | Orc:1    | Noticed Erica
 42384 | Orc:2    | Found Kiotwaplu's Weapon Boutique.
 42789 | Orc:2    | Reached skill level 1 in Armour
 43204 | Orc:2    | Found a staircase to the Elven Halls.
 43280 | Orc:2    | Found Adwuzxui's Jewellery Shoppe.
 43280 | Orc:2    | Found Fijun's General Store.
 43280 | Orc:2    | Found Gust's Distillery.
 43280 | Orc:2    | Found Nocsuh's Antique Armour Shop.
 43656 | Orc:1    | Reached skill level 10 in Conjurations
 43821 | Orc:1    | Killed Erica
 44302 | Orc:1    | Killed Sonja
 44342 | Orc:1    | Noticed Nergalle
 44346 | Orc:1    | Killed Nergalle
 45072 | Orc:2    | Paralysed by an ogre mage for 2 turns
 46045 | Orc:2    | Bought a potion of mutation for 112 gold pieces
 46056 | Orc:2    | Bought an amulet of guardian spirit for 330 gold pieces
 46467 | D:13     | Reached skill level 5 in Armour
 47060 | D:13     | Reached XP level 15. HP: 118/136 MP: 18/33
 49036 | D:14     | Reached skill level 10 in Spellcasting
 49374 | D:14     | Noticed Azrael
 49852 | D:13     | Killed Azrael
 50031 | D:14     | You fall into a shaft and drop 1 floor!
 50031 | D:15     | Entered Level 15 of the Dungeon
 51142 | D:15     | Found a staircase to the Depths.
 51316 | D:15     | Reached skill level 14 in Fighting
 52632 | Snake:1  | Entered Level 1 of the Snake Pit
 55157 | Snake:1  | Reached skill level 5 in Transmutations
 56802 | Snake:2  | Noticed Vashnia
 57195 | Snake:2  | Killed Vashnia
 58065 | Snake:2  | Reached XP level 16. HP: 122/147 MP: 16/35
 58497 | Snake:2  | Reached skill level 10 in Shields
 59160 | Snake:2  | Got the Atlas of Doomed Vitiation
 62074 | Snake:3  | Reached skill level 15 in Fighting
 63497 | Snake:2  | Learned a level 5 spell: Arcjolt
 63505 | Snake:2  | Learned a level 6 spell: Plasma Beam
 63567 | Snake:4  | Entered Level 4 of the Snake Pit
 63849 | Snake:4  | Reached skill level 1 in Fire Magic
 64096 | Snake:4  | Reached skill level 1 in Long Blades
 66231 | Snake:4  | Noticed a quicksilver dragon
 66502 | Snake:4  | Killed a quicksilver dragon
 66671 | Snake:4  | Reached skill level 5 in Fire Magic
 67365 | Snake:4  | Reached XP level 17. HP: 156/156 MP: 20/36
 67480 | Snake:4  | Noticed a quicksilver dragon
 68157 | Snake:4  | Killed a quicksilver dragon
 68300 | Snake:4  | Got a serpentine rune of Zot
 68609 | D:7      | Killed Crazy Yiuf
 68917 | Shoals:1 | Entered Level 1 of the Shoals
 69044 | Shoals:1 | Found Nouwa's Antique Armour Boutique.
 69066 | Shoals:1 | Found a runed translucent gate.
 69066 | Shoals:1 | Found a runed translucent gate.
 69069 | Shoals:1 | Found a runed translucent gate.
 69075 | Shoals:1 | Noticed case's ghost (adept MiBe)
 69075 | Shoals:1 | Found Mifacoorgh's Assorted Antiques.
 69219 | Shoals:1 | Found Dieheot's Book Shop.
 69644 | Shoals:1 | Found Ziuphoam's Magic Scroll Emporium.
 69647 | Shoals:1 | Bought a scroll of teleportation for 54 gold pieces
 69647 | Shoals:1 | Bought a scroll of fear for 72 gold pieces
 69647 | Shoals:1 | Bought a scroll of blinking for 135 gold pieces
 69647 | Shoals:1 | Bought a scroll of blinking for 135 gold pieces
 70299 | Shoals:2 | You fall into a shaft and drop 1 floor!
 70409 | Shoals:1 | Found the +7 Spriggan's Knife {stab, EV+4 Stlth+}
 71820 | Shoals:3 | Reached skill level 16 in Fighting
 72458 | Shoals:4 | Entered Level 4 of the Shoals
 74877 | Shoals:4 | Got the Opusculum on the Boggart
 75554 | Shoals:4 | Got a barnacled rune of Zot
 75845 | Vaults:1 | Entered Level 1 of the Vaults
 75958 | Vaults:1 | Noticed Nikola
 76074 | Vaults:1 | Killed Nikola
 76180 | Vaults:1 | Identified a scroll of acquirement
 76181 | Vaults:1 | Acquired 962 gold pieces
 76294 | Orc:2    | Bought the amulet of Vitality {RegenMP++ Regen++} for 1100
                  | gold pieces
 76294 | Orc:2    | Found the amulet of Vitality {RegenMP++ Regen++}
 76570 | Vaults:1 | Reached skill level 10 in Fire Magic
 77047 | Vaults:1 | Reached XP level 18. HP: 168/168 MP: 27/37
 77561 | Vaults:1 | Identified the +5 broad axe "Zobioh" {heavy, Contam rPois
                  | rCorr}
 77588 | Vaults:1 | Found Uda Bohi's Weapon Emporium.
 77715 | Vaults:1 | Identified the staff of conjuration "Ynimoal" {rF+ Str+7}
 79119 | Vaults:2 | Reached skill level 10 in Transmutations
 79191 | Vaults:2 | Reached skill level 17 in Fighting
 79246 | Vaults:2 | You fall into a shaft and drop 2 floors!
 80409 | Vaults:2 | Identified the +2 falchion of the Land of Plenty {pain,
                  | *Rage rPois rN+++ Str-2}
 81035 | Vaults:3 | Noticed a bone dragon
 81425 | Vaults:3 | Found a staircase to the Crypt.
 81429 | Vaults:3 | Killed a bone dragon
 81956 | Vaults:3 | Reached XP level 19. HP: 177/177 MP: 16/38
 83792 | Vaults:4 | Identified the +6 plate armour of the Spider Nest {rPois
                  | rC+ Dex+3}
 84433 | Depths:1 | Entered Level 1 of the Depths
 84672 | Depths:1 | Found Fimmioss's Book Shoppe.
 84861 | Orc:2    | Bought the +8 mace "Kisuocogg" {drain, rC- rCorr Str+3
                  | Int+5} for 1017 gold pieces
 85106 | Depths:1 | Found a gateway to Hell.
 85575 | Depths:1 | Noticed Louise
 86105 | Depths:1 | Killed Louise
 86192 | Depths:1 | Found a one-way gate leading to the halls of Pandemonium.
 86215 | Depths:1 | Identified the +3 scale mail of the Playwright {rElec rN+
                  | rCorr Int+5}
 86574 | Depths:2 | Reached skill level 18 in Fighting
 86968 | Depths:2 | Noticed Asterion
 86972 | Depths:2 | Killed Asterion
 86996 | Depths:2 | Noticed a shard shrike
 87051 | Depths:2 | Noticed a shard shrike
 87051 | Depths:2 | Noticed a shard shrike
 87063 | Depths:2 | Killed a shard shrike
 87064 | Depths:2 | Killed a shard shrike
 87066 | Depths:2 | Killed a shard shrike
 88264 | Depths:2 | Found a one-way gateway to a ziggurat.
 88795 | Depths:2 | Learned a level 7 spell: Orb of Destruction
 89262 | Depths:3 | Noticed Parghit
 89567 | Depths:2 | Reached XP level 20. HP: 167/189 MP: 29/40
 91463 | Depths:3 | Noticed the Enchantress
 91467 | Depths:3 | Killed the Enchantress
 91745 | Depths:4 | Entered Level 4 of the Depths
 91871 | Depths:4 | Found a runed translucent gate.
 91871 | Depths:4 | Found a runed translucent gate.
 91871 | Depths:4 | Found a runed translucent gate.
 91871 | Depths:4 | Noticed Barug's ghost (adept TrMo)
 92468 | Depths:4 | Reached skill level 15 in Conjurations
 93526 | Depths:4 | Reached skill level 19 in Fighting
 93910 | Depths:4 | Found a gate to the Realm of Zot.
 95767 | Depths:3 | Killed Parghit
 95957 | Elf:1    | Entered Level 1 of the Elven Halls
 97801 | Elf:2    | Found Coquez's Assorted Antiques.
 97814 | Elf:2    | Bought a scroll of teleportation for 87 gold pieces
 97835 | Elf:2    | Identified the +0 war axe of the Lamprey {freeze, Will+}
 97858 | Elf:2    | Found a runed translucent gate.
 97859 | Elf:2    | Found a runed translucent gate.
 97860 | Elf:2    | Found a runed translucent gate.
 98187 | Elf:2    | Reached XP level 21. HP: 198/198 MP: 30/42
 98417 | Elf:2    | Noticed Agnes
 98424 | Elf:2    | Killed Agnes
 98925 | Elf:3    | Entered Level 3 of the Elven Halls
 99681 | Elf:3    | Identified the +4 halberd of Deebab {flame, rElec rPois
                  | rC++}
 99681 | Elf:3    | Identified the ring "Moq Meiprom" {Fire rElec rPois Stlth+}
 99808 | Elf:3    | Paralysed by an air elemental for 1 turns
101058 | Elf:3    | Identified the +7 long sword "Sositod" {pain, Dex+5}
101092 | Elf:3    | Identified the ring of Tungal {rPois rN+ Will+++ EV+5
                  | Stlth-}
101258 | Elf:3    | Got Nyjuniev's Spellbook of Flammable Transfiguration
101302 | Elf:3    | Identified the +8 sling of Odebed {speed, rPois Int-5
                  | Dex+2}
101305 | Elf:3    | Got the Almanac of Hyperbolic Cryomancy
101334 | Elf:3    | Identified the staff of cold "Uto Omm" {rC+ Int+4}
101424 | Elf:3    | Identified the +1 glaive of the Endless Expanse {holy, rF+
                  | Str+3 Dex+4}
102588 | Shoals:1 | Bought 2 potions of curing for 150 gold pieces
103155 | Shoals:1 | Learned a level 5 spell: Fireball
103587 | Lair:5   | Killed Ribudoz's ghost
103777 | D:10     | Killed diceflayer's ghost
104295 | Vaults:5 | Entered Level 5 of the Vaults
105387 | Vaults:5 | Reached skill level 20 in Fighting
105391 | Vaults:5 | Noticed a dread lich
105398 | Vaults:5 | Killed a dread lich
105447 | Vaults:5 | Identified the +5 glaive "Zevorei" {freeze, Stlth+}
105451 | Vaults:5 | Noticed Xtahua
105456 | Vaults:5 | Killed Xtahua
105999 | Vaults:5 | Noticed an ancient lich
106002 | Vaults:5 | Killed an ancient lich
106055 | Vaults:5 | Noticed a golden dragon
106058 | Vaults:5 | Killed a golden dragon
106151 | Vaults:4 | Reached XP level 22. HP: 209/209 MP: 13/43
106285 | Vaults:5 | Identified the ring "Ekub" {rF+ Dex+2 Slay+4}
107178 | Vaults:5 | Identified the +5 battleaxe "Hucu Gei" {drain, Fly rPois
                  | Will- SInv}
107561 | Vaults:5 | Got a silver rune of Zot
107794 | Vaults:5 | Identified the +5 rapier of a sewer {vamp, rF+ Will+ Dex-2
                  | SInv}
107794 | Vaults:5 | Identified the +7 whip "Leusamuc" {heavy, Str-2 Int+2
                  | Dex+2}
107931 | Vaults:5 | Identified the +5 spear of Action {freeze, Str+2}
107933 | Vaults:5 | Identified the staff of fire "Xaciunn" {rF+ Str+4}
107934 | Vaults:5 | Identified the +1 robe of the Parsimonious God {Int-3
                  | Dex+4}
108204 | Vaults:5 | Identified the +7 whip of Wyrd {drain, rF- rC++ Will+}
108683 | Zot:1    | Entered Level 1 of the Realm of Zot
109770 | Zot:2    | You fall into a shaft and drop 2 floors!
110510 | Zot:2    | Noticed a curse toe
110858 | Depths:3 | Voluntarily entered the Abyss.
111284 | Depths:3 | Escaped the Abyss
111297 | Depths:3 | Voluntarily entered the Abyss.
111580 | Depths:3 | Escaped the Abyss
111605 | Depths:3 | Voluntarily entered the Abyss.
111812 | Abyss:2  | Reached skill level 21 in Fighting
111894 | Abyss:2  | Reached skill level 15 in Air Magic
111897 | Depths:3 | Escaped the Abyss
112004 | Depths:3 | Voluntarily entered the Abyss.
112192 | Depths:3 | Escaped the Abyss
112294 | Depths:3 | Voluntarily entered the Abyss.
112385 | Abyss:3  | Reached XP level 23. HP: 173/220 MP: 3/45
112707 | Depths:3 | Escaped the Abyss
112809 | Depths:3 | Voluntarily entered the Abyss.
113040 | Depths:3 | Escaped the Abyss
113082 | Depths:3 | Voluntarily entered the Abyss.
113114 | Abyss:3  | Paralysed by accursed screaming for 1 turns
113450 | Abyss:3  | Reached skill level 10 in Armour
113454 | Depths:3 | Escaped the Abyss
113497 | Depths:3 | Lost mutation: You have sharp fingernails. [potion of
                  | mutation]
113497 | Depths:3 | Lost mutation: You sometimes lose your temper in combat.
                  | [potion of mutation]
113497 | Depths:3 | Gained mutation: You are clumsy. (Dex -2) [potion of
                  | mutation]
113497 | Depths:3 | Gained mutation: You have a pair of small horns on your
                  | head. [potion of mutation]
113497 | Depths:3 | Lost mutation: You are clumsy. (Dex -2) [potion of
                  | mutation]
113497 | Depths:3 | Gained mutation: You have a pair of horns on your head.
                  | [potion of mutation]
114019 | Lair:5   | Voluntarily entered the Abyss.
114022 | Abyss:3  | Noticed an ancient lich
114298 | Lair:5   | Escaped the Abyss
116691 | Zot:4    | Found a transporter.
116695 | Zot:4    | Found a transporter.
116904 | Zot:4    | Noticed a Killer Klown
116916 | Zot:4    | Killed a Killer Klown
117179 | Zot:4    | Noticed a Killer Klown
117189 | Zot:4    | Killed a Killer Klown
117472 | Zot:4    | Noticed a Killer Klown
117478 | Zot:4    | Killed a Killer Klown
117540 | Zot:4    | Reached XP level 24. HP: 224/231 MP: 29/45
117568 | Zot:4    | Reached skill level 22 in Fighting
118064 | Zot:4    | Learned a level 5 spell: Freezing Cloud
118242 | Zot:4    | Found a transporter.
118274 | Zot:4    | Found a transporter.
120301 | Depths:4 | Killed Barug's ghost
120692 | Depths:4 | Reached XP level 25. HP: 238/238 MP: 45/46
121179 | Shoals:1 | Bought a scroll of enchant armour for 135 gold pieces
121199 | Shoals:1 | Killed case's ghost
121423 | Lair:5   | Voluntarily entered the Abyss.
121644 | Abyss:4  | Gained mutation: You have hidden genetic defects. [a
                  | neqoxec]
121697 | Lair:5   | Escaped the Abyss
121719 | Lair:5   | Lost mutation: You have hidden genetic defects. [potion of
                  | mutation]
121719 | Lair:5   | Lost mutation: You have a pair of horns on your head.
                  | [potion of mutation]
121719 | Lair:5   | Lost mutation: You have a pair of small horns on your head.
                  | [potion of mutation]
121719 | Lair:5   | Gained mutation: You occasionally lose the ability to drink
                  | potions when taking damage. [potion of mutation]
121719 | Lair:5   | Gained mutation: You possess an exceptional clarity of
                  | mind. [potion of mutation]
121719 | Lair:5   | Gained mutation: Your flesh is cold resistant. (rC+)
                  | [potion of mutation]
121721 | Lair:5   | Voluntarily entered the Abyss.
121826 | Abyss:4  | Reached skill level 5 in Evocations
122039 | Abyss:5  | Gained mutation: Your spells are a little easier to cast,
                  | but a little less powerful. [a neqoxec]
122099 | Abyss:5  | Found a runed translucent door.
122155 | Lair:5   | Escaped the Abyss
124347 | Lair:4   | Lost mutation: You occasionally lose the ability to drink
                  | potions when taking damage. [potion of mutation]
124347 | Lair:4   | Lost mutation: Your flesh is cold resistant. (rC+) [potion
                  | of mutation]
124347 | Lair:4   | Lost mutation: You possess an exceptional clarity of mind.
                  | [potion of mutation]
124347 | Lair:4   | Gained mutation: You are strong-willed. (Will+) [potion of
                  | mutation]
124983 | Slime:1  | Entered Level 1 of the Pits of Slime
125104 | Slime:2  | Gained mutation: You occasionally lose the ability to read
                  | scrolls when taking damage. [a shining eye]
125591 | Depths:4 | Gained mutation: You occasionally shout uncontrollably at
                  | your foes. [a neqoxec]
125734 | Zot:4    | Lost mutation: You occasionally lose the ability to read
                  | scrolls when taking damage. [potion of mutation]
125734 | Zot:4    | Lost mutation: You occasionally shout uncontrollably at
                  | your foes. [potion of mutation]
125734 | Zot:4    | Lost mutation: You are strong-willed. (Will+) [potion of
                  | mutation]
125734 | Zot:4    | Gained mutation: Your system is resistant to poisons.
                  | (rPois) [potion of mutation]
125734 | Zot:4    | Gained mutation: You have a pair of small antennae on your
                  | head. [potion of mutation]
125734 | Zot:4    | Gained mutation: You are partially covered in iridescent
                  | scales. (AC +2) [potion of mutation]
125748 | Zot:5    | Entered Level 5 of the Realm of Zot
125819 | Zot:5    | Found a huge runed gate.
125821 | Zot:5    | Found a huge runed gate.
125821 | Zot:5    | Found a huge runed gate.
125822 | Zot:5    | Found a huge runed gate.
125822 | Zot:5    | Found a huge runed gate.
125823 | Zot:5    | Found a huge runed gate.
125823 | Zot:5    | Found a huge runed gate.
125823 | Zot:5    | Found a huge runed gate.
125823 | Zot:5    | Found a huge runed gate.
125823 | Zot:5    | Found a huge runed gate.
125824 | Zot:5    | Found a huge runed gate.
125830 | Zot:5    | Found a huge runed gate.
125831 | Zot:5    | Found a huge runed gate.
125832 | Zot:5    | Found a huge runed gate.
125833 | Zot:5    | Found a huge runed gate.
125836 | Zot:5    | Found a huge runed gate.
125837 | Zot:5    | Found a huge runed gate.
125838 | Zot:5    | Found a huge runed gate.
125839 | Zot:5    | Found a huge runed gate.
125848 | Zot:5    | Found a huge runed gate.
125848 | Zot:5    | Found a huge runed gate.
125848 | Zot:5    | Found a huge runed gate.
125848 | Zot:5    | Found a huge runed gate.
125848 | Zot:5    | Found a huge runed gate.
125849 | Zot:5    | Found a huge runed gate.
125850 | Zot:5    | Found a huge runed gate.
125851 | Zot:5    | Found a huge runed gate.
125852 | Zot:5    | Found a huge runed gate.
125928 | Zot:5    | Found a huge runed gate.
125928 | Zot:5    | Found a huge runed gate.
125928 | Zot:5    | Found a huge runed gate.
125952 | Zot:5    | Found a huge runed gate.
125953 | Zot:5    | Found a huge runed gate.
125954 | Zot:5    | Found a huge runed gate.
125955 | Zot:5    | Found a huge runed gate.
125956 | Zot:5    | Found a huge runed gate.
126184 | Zot:5    | Noticed an orb of fire
126184 | Zot:5    | Noticed a dread lich
126184 | Zot:5    | Noticed an ancient lich
126203 | Zot:5    | Reached skill level 5 in Long Blades
126371 | Zot:3    | Lost mutation: Your spells are a little easier to cast, but
                  | a little less powerful. [potion of mutation]
126371 | Zot:3    | Lost mutation: Your system is resistant to poisons. (rPois)
                  | [potion of mutation]
126371 | Zot:3    | Lost mutation: You are partially covered in iridescent
                  | scales. (AC +2) [potion of mutation]
126371 | Zot:3    | Gained mutation: Your system is resistant to poisons.
                  | (rPois) [potion of mutation]
126371 | Zot:3    | Gained mutation: You have hidden genetic defects. [potion
                  | of mutation]
126371 | Zot:3    | Gained mutation: Your flesh is cold resistant. (rC+)
                  | [potion of mutation]
126372 | Zot:3    | Lost mutation: Your system is resistant to poisons. (rPois)
                  | [potion of mutation]
126372 | Zot:3    | Lost mutation: You have a pair of small antennae on your
                  | head. [potion of mutation]
126372 | Zot:3    | Lost mutation: Your flesh is cold resistant. (rC+) [potion
                  | of mutation]
126372 | Zot:3    | Gained mutation: Your spells are a little harder to cast,
                  | but a little more powerful. [potion of mutation]
126372 | Zot:3    | Gained mutation: You are dopey. (Int -2) [potion of
                  | mutation]
126372 | Zot:3    | Gained mutation: You are frail. (-10% HP) [potion of
                  | mutation]
126372 | Zot:3    | Gained mutation: You are partially covered in iridescent
                  | scales. (AC +2) [potion of mutation]
127225 | Zot:4    | Killed an ancient lich
127414 | Zot:5    | Gained mutation: You are weak. (Str -2) [an orb of fire]
127417 | Zot:5    | Killed an orb of fire
127467 | Zot:5    | Killed a dread lich
127950 | Zot:5    | Identified the +2 battleaxe of Duty {heavy, MP+9 Str+3
                  | Int+5}
127952 | Zot:5    | Got the Dissertation on the Band and Dislocation
127962 | Zot:5    | Identified the +0 plate armour "Deplent" {rF+ Will+ Str+4
                  | Int-5}
129056 | Zot:5    | Noticed an ancient lich
129060 | Zot:5    | Killed an ancient lich
129069 | Zot:5    | Gained mutation: You are clumsy. (Dex -2) [hidden defects]
129114 | Zot:5    | Noticed an ancient lich
129120 | Zot:5    | Killed an ancient lich
129488 | Zot:5    | Noticed an ancient lich
129516 | Zot:5    | Killed an ancient lich
129691 | Zot:5    | Noticed an orb of fire
129691 | Zot:5    | Gained mutation: You have terrible hidden genetic defects.
                  | [an orb of fire]
129699 | Zot:5    | Gained mutation: Your natural rate of healing is unusually
                  | fast. [an orb of fire]
129704 | Zot:5    | Killed an orb of fire
129705 | Zot:5    | Reached XP level 26. HP: 174/224 MP: 21/46
129953 | Zot:5    | Noticed an orb of fire
129960 | Zot:5    | Killed an orb of fire
129961 | Zot:5    | Reached skill level 23 in Fighting
130106 | Zot:5    | Noticed an ancient lich
130119 | Zot:5    | Killed an ancient lich
130511 | Zot:5    | Noticed a dread lich
130529 | Zot:5    | Killed a dread lich
130647 | Zot:5    | Noticed an orb of fire
130656 | Zot:5    | Gained mutation: You are vulnerable to cold. (rC-) [an orb
                  | of fire]
130657 | Zot:5    | Killed an orb of fire
130945 | Zot:5    | Gained mutation: You are very clumsy. (Dex -4) [hidden
                  | defects]
130945 | Zot:5    | Lost mutation: You have terrible hidden genetic defects.
                  | [hidden defects expressed]
131446 | Zot:5    | Noticed an ancient lich
132281 | Zot:5    | Reached skill level 10 in Long Blades
132281 | Zot:5    | Killed an ancient lich
132341 | Zot:5    | Noticed an ancient lich
132344 | Zot:5    | Killed an ancient lich
132431 | Zot:5    | Noticed an ancient lich
132436 | Zot:5    | Killed an ancient lich
133235 | Zot:5    | Gained mutation: You are very frail. (-20% HP) [mutagenic
                  | glow]
133250 | Zot:5    | Gained mutation: Your body sometimes deteriorates upon
                  | taking damage. [mutagenic glow]
133258 | Zot:5    | Lost mutation: You have hidden genetic defects. [mutagenic
                  | glow]
133715 | Zot:5    | Got the Orb of Zot
133763 | Zot:5    | Gained mutation: You are very weak. (Str -4) [mutagenic
                  | glow]
133785 | Zot:5    | Gained mutation: You occasionally lose the ability to drink
                  | potions when taking damage. [mutagenic glow]
134213 | D:12     | Noticed Yshipuy the pandemonium lord
134482 | D:$      | Escaped with the Orb!

Illustrated notes

Levels and vault maps discovered:
D:1:      minmay_arrival_cross, layout_basic, basic_ecumenical_altar
D:2:      layout_basic, uniq_robin
D:3:      layout_rooms, serial_shops, shop, nicolae_shop_stone, shop,
          minivault_26
D:4:      layout_gridville, nicolae_overflow_hidden_temple, uniq_menkaure,
          uniq_grinder, uniq_eustachio
D:5:      layout_loops_ring
D:6:      layout_basic, kennysheep_little_box, uniq_blork_the_orc, uniq_pikel
D:7:      layout_basic, nicolae_uskayaw_suspiria,
          minmay_temple_entry_mini_moons, uniq_crazy_yiuf_cottage, uniq_joseph
D:8:      layout_cave_pools, nemelex_xobeh_ov_fountains_minmay,
          erik_lair_island, enter_bailey_3, serial_column_ruins,
          column_ruins_pillar_1, column_ruins_pillar_3, column_ruins_pillar_9,
          column_ruins_pillar_6, column_ruins_pillar_2, column_ruins_pillar_6,
          column_ruins_pillar_2, column_ruins_pillar_2, column_ruins_pillar_7,
          column_ruins_pillar_12, column_ruins_pillar_1, column_ruins_pillar_6,
          column_ruins_pillar_1, column_ruins_pillar_1, column_ruins_pillar_9,
          column_ruins_pillar_2, column_ruins_pillar_2, column_ruins_pillar_7,
          column_ruins_pillar_5
D:9:      layout_irregular_city
D:10:     layout_grid_maze, ebering_ghost_xom, hangedman_decor_lopped
D:11:     layout_long_grid, hangedman_corner_corridor, uniq_harold
D:12:     layout_big_octagon, orc_david_3, serial_shops, shop, shop,
          hangedman_ranch
D:13:     layout_roguey, david_vaults_1, cheibriados_altar_1
D:14:     layout_loops_ring, columned_hall_lemuel, uniq_azrael
D:15:     grunt_enter_depths_giant_problem, layout_loops_ring,
          nicolae_ashenzari_panopticon, grunt_ministairs_10
Lair:1:   layout_long_grid, infiniplex_staircase_pool
Lair:2:   layout_cave_shapes, guppyfry_snake_entry_island, portal_ice_cave_rime
Lair:3:   layout_concentric_octagons, nicolae_shoals_entry_flooding, uniq_urug
Lair:4:   layout_roguey, slime_entry_1, basic_altar, grunt_megastairs_4,
          uniq_josephine
Lair:5:   hellmonk_lair_end_abyssal_woods, layout_misc_corridors,
          ebering_ghost_inner_flame, kennysheep_rathole
Shoals:1: layout_shoals, ebering_ghost_gozag, serial_shops,
          nicolae_shop_rolled_up, shop_statue, nicolae_shop_stone,
          nicolae_shoals_hidden_pirate_stash
Shoals:2: layout_shoals, nicolae_shoals_lost_giant_pillars
Shoals:3: layout_shoals
Shoals:4: shoals_end_simple, layout_shoals
Snake:1:  nicolae_snake_nest, layout_chambers
Snake:2:  nicolae_snake_attic_fulla_snakes, layout_cave_shapes, uniq_vashnia
Snake:3:  layout_cave_town, eino_curves_01
Snake:4:  hellmonk_snake_rune_quicksilver_temple, layout_gridlike,
          serial_curves, eino_curves_02, eino_curves_04, chequers_hall_statues_y
Slime:1:  layout_caves
Slime:2:  layout_caves
Slime:3:  nicolae_slime_jelly_donut, layout_caves
Orc:1:    layout_caves, serial_shops, nicolae_diamond_shop,
          nicolae_orc_lava_room, uniq_erica, uniq_nergalle, uniq_maurice,
          uniq_sonja
Orc:2:    st_orc_open, layout_caves, serial_shops, shop, roderic_batcave,
          guppyfry_library_mini
Elf:1:    minmay_elf_arrival_plus, layout_loops_corners,
          kennysheep_underground_church
Elf:2:    nicolae_elf_blades_splatter_lattice [mumra_blade_entry_bloodbath],
          layout_loops_ring, serial_shops, shop, uniq_agnes
Elf:3:    minmay_elf_hall_dome, layout_geoelf_diagonals
Vaults:1: nicolae_vaults_puzzle_piece, v_misc_3,
          nicolae_vaults_antechamber_and_loot_room, v_pattern_1,
          nicolae_vaults_little_squares_1, v_misc_30, v_misc_25,
          nicolae_vaults_taking_the_gang_shopping, nicolae_vaults_meiosis,
          vaults_room_grid, nicolae_vaults_trapezoid_lopsided_3,
          nicolae_vaults_little_squares_6, nicolae_vaults_tetromino_T_2,
          layout_vaults_omnicross, uniq_nikola
Vaults:2: vaults_room_pool, nicolae_vaults_shipping_containers_4, v_misc_26,
          v_misc_1, v_misc_13, nicolae_vaults_weapon_check,
          layout_vaults_chaotic_city
Vaults:3: nicolae_vaults_windows_and_doors_thing,
          nicolae_vaults_diagonal_hallway_8, v_misc_23,
          nicolae_vaults_network_s, v_alt_pattern_4, nicolae_vaults_murderbox,
          v_misc_18, vaults_room_pools, minmay_crypt_entry_nasty_monster,
          vaults_mumra_chevron_long, v_misc_28,
          nicolae_vaults_network_periphery, nicolae_vaults_storage_closets_1,
          layout_vaults_maze
Vaults:4: hangedman_vaults_nails, nicolae_vaults_network_barrier,
          nicolae_vaults_network_square, grunt_vaults_swirl,
          ontoclasm_vaults_shuriken, vaults_dpeg_doors, v_misc_5,
          nicolae_vaults_statue_guard, nicolae_vaults_house_1,
          nicolae_vaults_surprise_closet, layout_vaults_ring
Vaults:5: uniq_xtahua
Depths:1: layout_gridlike, nicolae_abyss_entry_one_way_or_another,
          pf_vacation_house_of_asmodeus, pan_entry, serial_shops, shop,
          led_sif_pool
Depths:2: minmay_coctagon, layout_honeycomb, enter_ziggurat_b,
          good_gods_temple_1, hell_entry, grunt_pan_entry_in_and_out,
          lightli_corner_chamber, uniq_asterion
Depths:3: minmay_polygon_palace, layout_twisted_cross, rand_demon_pan_entry_9,
          nicolae_wu_jian_immortal_techniques, abyss_entry_crystal, hell_entry,
          nicolae_elevator_lobby_asterisk, uniq_enchantress, uniq_parghit
Depths:4: grunt_bruiser_brothers, layout_gridlike,
          biasface_ghost_demon_polymorph, grunt_pan_entry_zigzag,
          grunt_hell_entry_dis_grunt
Zot:1:    layout_onion_interference
Zot:2:    layout_misc_corridors, grunt_megastairs_3
Zot:3:    layout_twisted_circle
Zot:4:    cheibrodos_zot_enchanting_chambers, layout_misc_corridors,
          nicolae_transporter_circle
Zot:5:    layout_gridlike, door_vault

Skill      XL: |  1  2  3  4  5  6  7  8  9 10 11 12 13 14 15 16 17 18 19 20 21 22 23 24 25 26 |
---------------+-------------------------------------------------------------------------------+-----
Conjurations   | 1 2 3 6 7 8 10 11 13 16 18 | 18.0
Air Magic      | 3 4 5 6 9 11 13 14 15 17 18 19 20 | 20.1
Fighting       | 1 2 4 6 7 8 9 10 11 12 13 14 15 16 17 18 19 20 21 22 23 | 23.4
Spellcasting   | 4 5 7 9 10 11 12 13 | 13.0
Shields        | 6 9 12 13 | 13.1
Translocations | 6 |  6.0
Dodging        | 5 8 11 12 13 | 13.2
Transmutations | 1 6 7 9 10 | 10.0
Armour         | 5 7 8 9 11 12 | 12.3
Fire Magic     | 5 10 12 14 | 14.3
Long Blades    | 3 4 8 11 | 11.3
Evocations     | 3 6 |  6.2
Stealth        | |  1.7

Action                     |  1- 3 |  4- 6 |  7- 9 | 10-12 | 13-15 | 16-18 | 19-21 | 22-24 | 25-27 || total
---------------------------+-------+-------+-------+-------+-------+-------+-------+-------+-------++-------
  Melee: Short sword       |    21 |     8 |       |       |       |       |       |       |       ||    29
         Punch             |     2 |       |     1 |     2 |     1 |       |       |       |       ||     6
         Long sword        |       |       |    28 |    70 |    80 |   154 |       |     3 |       ||   335
         Staff             |       |       |       |     6 |    54 |    99 |    41 |   150 |    56 ||   406
         Mace              |       |       |       |       |       |       |     3 |     9 |       ||    12
         Headbutt          |       |       |       |       |       |       |       |    38 |    25 ||    63
         Eudemon blade     |       |       |       |       |       |       |       |       |   121 ||   121
   Cast: Shock             |    66 |   117 |   210 |    41 |     7 |       |       |       |       ||   441
         Static Discharge  |    15 |    15 |    25 |    54 |   192 |    58 |       |       |       ||   359
         Airstrike         |       |       |    60 |   285 |   866 |   695 |   504 |   176 |    55 ||  2641
         Swiftness         |       |       |     1 |     3 |     4 |       |     3 |     1 |       ||    12
         Blink             |       |       |       |     9 |    61 |    51 |    49 |    35 |     9 ||   214
         Gell's Gravitas   |       |       |       |       |   118 |    62 |     1 |       |       ||   181
         Arcjolt           |       |       |       |       |       |   171 |   224 |   124 |    18 ||   537
         Plasma Beam       |       |       |       |       |       |    91 |   205 |   170 |    69 ||   535
         Iskenderun's Myst |       |       |       |       |       |    13 |     1 |   145 |   126 ||   285
         Irradiate         |       |       |       |       |       |     6 |     7 |    37 |    14 ||    64
         Orb of Destructio |       |       |       |       |       |       |   135 |   246 |   134 ||   515
         Fireball          |       |       |       |       |       |       |       |   101 |    26 ||   127
         Freezing Cloud    |       |       |       |       |       |       |       |    12 |    14 ||    26
  Evoke: Wand              |       |       |     6 |       |    31 |    20 |     5 |    18 |     2 ||    82
         Condenser vane    |       |       |       |       |     2 |     1 |       |       |     1 ||     4
         Phial of floods   |       |       |       |       |       |     1 |       |       |     1 ||     2
         Box of beasts     |       |       |       |       |       |       |     1 |       |     1 ||     2
         Phantom mirror    |       |       |       |       |       |       |       |       |     1 ||     1
    Use: Scroll            |     3 |     4 |       |    14 |    19 |     9 |    12 |    11 |    17 ||    89
         Potion            |       |       |     1 |     9 |     6 |     3 |       |     5 |    10 ||    34
   Stab: Sleeping          |       |       |       |     1 |       |       |       |       |       ||     1
 Armour: Robe              |    10 |    16 |     8 |       |       |       |       |       |       ||    34
         Ring mail         |       |       |    20 |    61 |    40 |       |       |       |       ||   121
         Skin              |       |       |       |    66 |    19 |     7 |       |       |       ||    92
         Storm dragon scal |       |       |       |       |   419 |   410 |   217 |   233 |   218 ||  1497
         Acid dragon scale |       |       |       |       |    13 |       |       |       |       ||    13
  Dodge: Dodged            |    37 |    18 |    40 |    83 |   392 |   265 |   178 |   335 |   260 ||  1608
  Block: Other             |       |       |       |     6 |    63 |       |       |       |       ||    69
         Reflection        |       |       |       |     1 |    39 |    61 |    36 |    12 |     4 ||   153
         Kite shield       |       |       |       |       |   132 |   505 |   238 |   378 |   294 ||  1547
